 Dungeon Crawl Stone Soup version 0.20-a0-350-ga83eecc (webtiles) character file.

9301 sugabear the Slasher (level 11, -5/56 HPs)
             Began as a Vine Stalker Gladiator on Dec 23, 2016.
             Was a Follower of Uskayaw.
             Killed from afar by an electric eel (8 damage)
             ... with a bolt of electricity
             ... on level 10 of the Dungeon.
             The game lasted 00:15:49 (9237 turns).

sugabear the Slasher (Vine Stalker Gladiator)       Turns: 9237, Time: 00:15:49

Health: -5/56      AC: 16    Str: 26    XL:     11   Next: 44%
Magic:  0/16       EV: 13    Int:  8    God:    Uskayaw [*.....]
Gold:   149        SH:  0    Dex: 21    Spells: 10/10 levels left

rFire  . . .     SeeInvis .     t - +5 long sword
rCold  . . .     Gourm    .     D - +4 scale mail {MR+}
rNeg   . . .     Faith    .     (no shield)
rPois  .         Spirit   +     c - +0 helmet
rElec  .         Reflect  .     (no cloak)
rCorr  .         Harm     .     (no gloves)
MR     +++..     Rnd*Tele +     y - +2 pair of boots
Stlth  ++++......               (no amulet)
                                A - +5 ring of strength
                                g - ring of protection from magic

@: no status effects
A: fangs 3, thin skeletal structure 1, camouflage 1, agile 1, regeneration 1,
screaming 1, strong 1, teleportitis 1, magic shield, antimagic bite, no device
heal 3, rot immunity
a: Stomp, Renounce Religion


You were on level 10 of the Dungeon.
You worshipped Uskayaw.
Uskayaw was noncommittal.
You were not hungry.

You visited 2 branches of the dungeon, and saw 11 of its levels.

You collected 494 gold pieces.
You spent 345 gold pieces at shops.

Inventory:

Hand Weapons
 t - a +5 long sword (weapon)
 z - a +3 dagger of venom
 F - a +0 dagger of holy wrath
Missiles
 d - 3 throwing nets (quivered)
Armour
 c - a +0 helmet (worn)
 y - a +2 pair of boots (worn)
 D - a +4 scale mail of magic resistance (worn)
Jewellery
 g - a ring of protection from magic (left hand)
 A - a +5 ring of strength (right hand)
 E - an uncursed ring of positive energy
 I - an uncursed ring of flight
Wands
 r - a wand of flame (16/48)
 w - a wand of flame (17/48)
 B - a wand of slowing (15/48)
 K - a wand of paralysis (10/24)
 L - a wand of lightning (3/15)
Scrolls
 h - 6 scrolls of remove curse
 i - 5 scrolls of magic mapping {unknown}
 j - 2 scrolls of enchant weapon
 m - 8 scrolls of teleportation {unknown}
 p - a scroll of amnesia {unknown}
 s - 11 scrolls of identify
 M - a scroll of fear {unknown}
Potions
 a - a potion of might {unknown}
 b - 3 potions of haste {unknown}
 e - 8 potions of curing {unknown}
 k - a potion of invisibility {unknown}
 l - a potion of berserk rage {unknown}
 n - a potion of heal wounds {unknown}
 q - 3 potions of lignification {unknown}
 v - a potion of cure mutation {unknown}
 x - a potion of agility {unknown}
 C - 2 potions of flight {unknown}
 H - a potion of mutation {unknown}
 N - a potion of resistance
Comestibles
 f - 5 bread rations
 o - 2 royal jellies
 u - 4 beef jerkies
 G - 8 chunks of flesh
 J - 8 slices of pizza


   Skills:
 + Level 6.1 Fighting
 + Level 6.2(8.0) Short Blades
 + Level 7.7(8.7) Long Blades
   Level 1.2 Maces & Flails
 + Level 1.8 Throwing
 + Level 7.3 Armour
 + Level 4.2 Dodging
 + Level 5.7 Stealth
 * Level 6.3 Invocations
 + Level 0.3 Evocations


You had 10 spell levels left.
You didn't know any spells.

Dungeon Overview and Level Annotations

Branches:
Dungeon (10/15)            Temple (1/1) D:5
   Lair: D:8-11         Orc: D:9-12

Altars:
Ashenzari
Cheibriados
Dithmenos
Elyvilon
Fedhas
Gozag
Hepliaklqana
Kikubaaqudgha
Makhleb
Nemelex Xobeh
Okawaru
Qazlal
Ru
Sif Muna
Trog
Uskayaw
Vehumet
Xom
Yredelemnul
Zin
The Shining One

Shops:
D:5 !   D:6 (%   D:7 ?   D:9 *


Innate Abilities, Weirdness & Mutations

You have razor-sharp teeth.
Your natural rate of healing is unusually fast.
When hurt, damage is shared between your health and your magic reserves.
Your bite disrupts and absorbs the magic of your enemies.
Potions cannot restore your health.
You are immune to rotting.
You have a somewhat thin skeletal structure. (Dex +2, Stealth)
Your skin changes colour to match your surroundings (Stealth+).
You are agile. (Dex +2)
You occasionally shout uncontrollably at your foes.
Your muscles are strong. (Str +2)
You are occasionally teleported next to monsters.


Message History

The bolt of electricity misses you.
Unknown command.
You slash the electric eel!
You kill the electric eel!
You hear a splash.
The electric eel shoots out a bolt of lightning at you!
The bolt of electricity hits you!
* * * LOW HITPOINT WARNING * * *
Unknown command.
The electric eel shoots out a bolt of lightning at you!
The bolt of electricity hits you!
* * * LOW HITPOINT WARNING * * *
Unknown command.
As you read the scroll labeled SUOMUAMENT, it crumbles to dust.
It is a scroll of enchant weapon.
Your +4 long sword glows red for a moment.
The killer bee zombie hits you but does no damage.
The electric eel shoots out a bolt of lightning at you!
The bolt of electricity hits you!
You die...

.≈≈≈;≈≈.≈≈.≈≈.≈
#≈≈≈≈≈>................
#≈≈≈≈≈≈≈≈≈≈≈≈≈≈.≈≈.≈≈.≈
#≈≈≈≈≈.≈≈≈≈.....≈≈.;≈.≈
#≈≈≈≈;.≈≈≈≈.≈≈≈≈≈≈.≈≈.≈
#≈≈....≈≈≈≈.≈≈≈≈≈≈!≈≈.≈
#≈≈.≈≈.≈≈≈;.≈≈≈†≈≈.≈≈.≈
#≈≈.≈≈.≈≈≈≈?.........<.
#≈≈............@Z.t....
#≈≈≈≈≈.≈≈≈≈≈≈≈..≈≈.≈≈.≈
#≈≈≈≈≈.................
#≈≈≈≈≈.≈≈≈≈≈≈≈..≈≈≈≈≈.≈
#≈≈≈≈≈.≈≈≈≈≈≈≈..≈≈≈≈≈.≈
#≈≈≈≈≈.≈≈≈≈≈≈≈.........
#≈≈≈≈≈.......≈.≈≈.≈≈≈)≈
#≈≈≈≈≈.≈≈≈≈≈.≈.≈≈.≈≈≈.≈
#≈≈≈≈≈.≈≈≈≈≈.≈....≈≈≈≈


You could see a crocodile, 2 electric eels and a killer bee zombie.

Vanquished Creatures
  3 two-headed ogres
  The ghost of aTarkinC the Destroyer, a novice TeFE of Vehumet (D:7)
  The ghost of Mythica the Skirmisher, an amateur MiFi (D:4)
  A troll (D:9)
  Grinder (D:4)
  A human (D:7)
  Grum (D:9)
  4 hogs (D:7)
  Menkaure (D:4)
  A water moccasin (D:7)
  Duvessa (D:6)
  4 orc warriors
  2 sky beasts
  2 black bears
  An ice beast (D:8)
  8 ogres
  An eye of draining (D:10)
  A necrophage (D:4)
  A centaur (D:6)
  2 wolves (D:10)
  A crocodile (D:9)
  7 big kobolds
  Blork the orc (D:4)
  5 bullfrogs
  A water moccasin zombie (D:6)
  Dowan (D:6)
  A water moccasin skeleton (D:10)
  3 wights (D:8)
  2 electric eels (D:10)
  2 crimson imps
  A bullfrog zombie (D:9)
  9 orc priests
  3 hounds
  20 orc wizards
  A bullfrog skeleton (D:6)
  A gnoll shaman (D:8)
  A centaur skeleton (D:9)
  A jelly (D:6)
  Jessica (D:3)
  An iguana (D:9)
  8 worker ants
  A hound zombie (D:6)
  2 hound skeletons
  11 gnolls
  A howler monkey skeleton (D:7)
  15 adders
  An ooze (D:2)
  2 dart slugs
  5 leopard geckos
  42 orcs
  6 bats
  3 giant cockroaches
  7 goblins
  7 hobgoblins
  11 jackals
  4 ball pythons
  A ball python skeleton (D:4)
  5 frilled lizards
  A jackal zombie (D:6)
  49 kobolds
  A leopard gecko zombie (D:8)
  5 rats
289 creatures vanquished.

Vanquished Creatures (others)
  A sky beast (D:10)
  An orc priest (D:10)
  An orc (D:10)
  A fungus (D:9)
4 creatures vanquished.

Grand Total: 293 creatures vanquished

Notes
Turn   | Place    | Note
-------+----------+-------------------------------------------
     0 | D:1      | sugabear the Vine Stalker Gladiator began the quest for the Orb.
     0 | D:1      | Reached XP level 1. HP: 11/11 MP: 2/2
   105 | D:1      | Reached XP level 2. HP: 14/15 MP: 3/3
   647 | D:1      | Reached XP level 3. HP: 16/18 MP: 4/4
  1269 | D:2      | Reached skill level 1 in Armour
  1269 | D:2      | Gained mutation: Your natural rate of healing is unusually fast. [Vine Stalker growth]
  1269 | D:2      | Reached XP level 4. HP: 12/23 MP: 3/5
  1364 | D:2      | Found a hazy altar of Hepliaklqana.
  1447 | D:2      | Found a faded altar of an unknown god.
  2299 | D:3      | Noticed a big kobold
  2316 | D:3      | Killed a big kobold
  2316 | D:3      | Reached XP level 5. HP: 24/27 MP: 6/6
  2397 | D:3      | Noticed a big kobold
  2416 | D:3      | Killed a big kobold
  2416 | D:3      | Reached XP level 6. HP: 28/32 MP: 5/7
  2474 | D:3      | Reached skill level 5 in Long Blades
  2528 | D:3      | Reached XP level 7. HP: 29/35 MP: 8/8
  2695 | D:3      | Found an iron altar of Okawaru.
  2885 | D:3      | Noticed Jessica
  2900 | D:3      | Killed Jessica
  3180 | D:4      | Noticed Blork the orc
  3192 | D:4      | Killed Blork the orc
  3370 | D:4      | Noticed Menkaure
  3415 | D:4      | Killed Menkaure
  3415 | D:4      | Gained mutation: You have razor-sharp teeth. [Vine Stalker growth]
  3415 | D:4      | Reached XP level 8. HP: 15/40 MP: 5/9
  3501 | D:4      | Noticed Mythica's ghost (amateur MiFi)
  3779 | D:4      | Killed Mythica's ghost
  4103 | D:4      | Noticed Grinder
  4123 | D:4      | Killed Grinder
  4123 | D:4      | Reached skill level 1 in Short Blades
  4296 | D:4      | Reached XP level 9. HP: 21/45 MP: 5/10
  4429 | D:5      | Entered Level 5 of the Dungeon
  4429 | D:5      | Found Kahah's Distillery.
  4525 | D:5      | Reached skill level 5 in Armour
  4536 | D:5      | Found a staircase to the Ecumenical Temple.
  4618 | Temple   | Entered the Ecumenical Temple
  4766 | Temple   | Became a worshipper of Uskayaw the Reveler
  4833 | D:5      | Reached * piety under Uskayaw
  5237 | D:5      | Reached ** piety under Uskayaw
  5244 | D:5      | Reached *** piety under Uskayaw
  5484 | D:6      | Reached **** piety under Uskayaw
  5523 | D:6      | Found a hazy altar of Hepliaklqana.
  5530 | D:6      | Reached skill level 1 in Stealth
  5530 | D:6      | Reached skill level 1 in Invocations
  5707 | D:6      | Found a basalt altar of Yredelemnul.
  5727 | D:6      | Noticed Duvessa
  5732 | D:6      | Noticed Dowan
  5761 | D:6      | Killed Duvessa
  5776 | D:6      | Reached skill level 5 in Fighting
  5780 | D:6      | Reached ***** piety under Uskayaw
  5788 | D:6      | Killed Dowan
  5843 | D:6      | Found a shattered altar of Ashenzari.
  5860 | D:6      | Found Opod's Food Emporium.
  5861 | D:6      | Found Qawoox's Antique Weapon Emporium.
  5982 | D:6      | Bought a runed rapier for 280 gold pieces
  6371 | D:7      | Noticed aTarkinC's ghost (novice TeFE)
  6414 | D:7      | Killed aTarkinC's ghost
  6414 | D:7      | Reached XP level 10. HP: 48/51 MP: 13/13
  6625 | D:7      | Reached skill level 1 in Maces & Flails
  6695 | D:7      | Found Ecouq's Magic Scroll Shop.
  6899 | D:7      | Found a stormy altar of Qazlal.
  7031 | D:7      | Bought a scroll of remove curse for 39 gold pieces
  7031 | D:7      | Bought a scroll of identify for 26 gold pieces
  7196 | D:7      | Reached skill level 5 in Short Blades
  7635 | D:8      | Noticed a two-headed ogre
  7644 | D:8      | Noticed a two-headed ogre
  7669 | D:8      | Killed a two-headed ogre
  7669 | D:8      | Reached skill level 5 in Invocations
  7936 | D:8      | Killed a two-headed ogre
  7936 | D:8      | Reached XP level 11. HP: 18/56 MP: 9/16
  8082 | D:8      | Reached skill level 5 in Stealth
  8089 | D:8      | Gained mutation: Your skin changes colour to match your surroundings (Stealth+). [mutagenic meat]
  8090 | D:8      | Gained mutation: You occasionally shout uncontrollably at your foes. [mutagenic meat]
  8091 | D:8      | Gained mutation: You have a somewhat thin skeletal structure. (Dex +2, Stealth) [mutagenic meat]
  8092 | D:8      | Gained mutation: Your muscles are strong. (Str +2) [mutagenic meat]
  8093 | D:8      | Gained mutation: You are occasionally teleported next to monsters. [mutagenic meat]
  8094 | D:8      | Gained mutation: You are agile. (Dex +2) [mutagenic meat]
  8234 | D:8      | Found a deep blue altar of Sif Muna.
  8617 | D:9      | Noticed a two-headed ogre
  8630 | D:9      | Killed a two-headed ogre
  8717 | D:9      | Found a blossoming altar of Fedhas.
  8816 | D:9      | Found Becw's Bounteous Boutique.
  9037 | D:10     | Entered Level 10 of the Dungeon
  9067 | D:10     | Noticed Grum
  9188 | D:9      | Killed Grum
  9236 | D:10     | HP: 2/56 [electric eel/bolt of electricity (3)]
  9237 | D:10     | Killed from afar by an electric eel

Vault maps used:
D:1:      minmay_arrival_stair_chambers, minmay_misc_feat_diagonals,
          st_stairs_13, hangedman_decor_peaks_small, minmay_fountain_box
D:2:      lemuel_crystal_altar, chequers_ecumenical_altar_simple, first_bread
D:3:      minmay_goblin_kobold_castle, kennysheep_okawaru_gauntlet, uniq_jessica
D:4:      uniq_blork_the_orc, uniq_menkaure, uniq_grinder
D:5:      serial_shops, shop, roderic_lattice_a, kennysheep_nondescript
D:6:      lemuel_doored_altar, nicolae_overflow_hidden_temple, basic_altar,
          serial_shops, shop, shop, lemuel_another_geyser, uniq_duvessa
D:7:      kennysheep_mini_moat, serial_shops, shop, grunt_livestock
D:8:      serial_corexii_hall, corexii_hall_statues_i, corexii_hall_statues_s,
          lemuel_blue_sif_altar
D:9:      hangedman_decor_opposing, nicolae_alphabet_shops, fedhas_altar_3
D:10:     lemuel_flamethrower_2, uniq_psyche, uniq_grum
Temple:   eino_temple_scatter_basement

Skill      XL: |  1  2  3  4  5  6  7  8  9 10 11 |
---------------+----------------------------------+-----
Long Blades    | 3 4 5 6 7 |  7.7
Fighting       | 2 3 4 5 6 |  6.1
Armour         | 1 2 3 4 5 7 |  7.3
Dodging        | 3 4 |  4.2
Short Blades   | 1 4 6 |  6.2
Stealth        | 3 4 5 |  5.7
Invocations    | 3 5 6 |  6.3
Maces & Flails | 1 |  1.2
Throwing       | |  1.8
Evocations     | |  0.3

Action                   |  1- 3 |  4- 6 |  7- 9 | 10-12 || total
-------------------------+-------+-------+-------+-------++-------
Melee: Long sword        |    73 |   138 |   135 |   119 ||   465
       Bite              |    20 |    53 |   156 |   148 ||   377
       Dagger            |       |       |   267 |   192 ||   459
       Flail             |       |       |    29 |       ||    29
Invok: Stomp             |       |       |     1 |       ||     1
       Line Pass         |       |       |       |     1 ||     1
 Abil: Evoke Flight      |       |       |       |     1 ||     1
  Use: Scroll            |       |       |       |     2 ||     2
 Stab: Paralysed         |       |       |     5 |    18 ||    23
       Sleeping          |       |       |       |     1 ||     1
  Eat: Chunk             |       |     5 |    13 |    14 ||    32
       Meat ration       |       |       |       |     1 ||     1
Armor: Leather armour    |    22 |       |       |       ||    22
       Ring mail         |     3 |    10 |       |       ||    13
       Chain mail        |       |   128 |   277 |    54 ||   459
       Scale mail        |       |       |       |   112 ||   112
Dodge: Dodged            |    70 |   115 |   210 |   185 ||   580
       Rpst.: Long sword |    19 |    32 |    27 |    25 ||   103
